[ AOE2 MATCH · #480217872 ]
Team RMItalians vs Romans
[ REPLAY ANALYSIS · EXTRACTED FROM THE RECORDED GAME ]
Feudal
21:26
Castle
29:52
Imperial
43:57
| APM avg | 13.7 |
| APM peak | 50 |
| eAPM avg | 8.4 |
| Villagers / military | 84 / 19 |
Focus
⚔️ 13.9% · 🌾 86.1%
Genoese Crossbowman ×19
Feudal
10:17
Castle
18:17
Imperial
39:31
| APM avg | 14.0 |
| APM peak | 40 |
| eAPM avg | 11.7 |
| Villagers / military | 90 / 139 |
Focus
⚔️ 40.0% · 🌾 60.0%
Ghulam ×94 · Camel Scout ×38 · Trade Cart ×7 · Armored Elephant ×4 · Mangonel ×2 · Monk ×1
Feudal
10:45
Castle
20:00
Imperial
35:54
| APM avg | 12.3 |
| APM peak | 39 |
| eAPM avg | 9.5 |
| Villagers / military | 121 / 47 |
Focus
⚔️ 23.6% · 🌾 76.4%
Knight ×19 · Spearman ×14 · Trade Cart ×11 · Trebuchet (Packed) ×5 · Monk ×4 · Teutonic Knight ×4
Feudal
10:59
Castle
16:26
Imperial
32:17
| APM avg | 22.2 |
| APM peak | 65 |
| eAPM avg | 11.9 |
| Villagers / military | 106 / 432 |
Focus
⚔️ 26.3% · 🌾 73.7%
Spearman ×227 · Militia ×205
Feudal
10:52
Castle
25:23
Imperial
36:23
| APM avg | 17.8 |
| APM peak | 47 |
| eAPM avg | 11.5 |
| Villagers / military | 97 / 115 |
Focus
⚔️ 35.6% · 🌾 64.4%
Centurion ×67 · Militia ×28 · Knight ×6 · Skirmisher ×5 · Archer ×4 · Scout Cavalry ×3
Feudal
11:05
Castle
19:40
Imperial
34:55
| APM avg | 22.1 |
| APM peak | 95 |
| eAPM avg | 10.6 |
| Villagers / military | 119 / 169 |
Focus
⚔️ 20.7% · 🌾 79.3%
Iron Pagoda ×86 · Spearman ×79 · Trade Cart ×20 · Trebuchet (Packed) ×3 · Monk ×1
Match map
Initial resources + every placement click. Lines = walls · curves = elevation contours. ◆ gold · ⬟ stone · ● berries · ✦ relic · ◌ wall gap
Your base· ✓ Closed at 29:52 · 20t walls · no gate
jfiniswar0023's base· Open — opponent sealed themselves in
dAN0.'s base· Open — opponent sealed themselves in
LiPiou's base· ✓ Closed at 16:26 · 0t walls · no gate
F1's base· Open — opponent sealed themselves in
AysseR's base· ✓ Closed at 19:40 · 18t walls · 1 gate(s)
Smoothed initial terrain · ◌ = detected wall gap · hover for details
Inputs per minute
— KINGGEEDORAH - - jfiniswar0023
Build order — KINGGEEDORAH
147 actions detected in the replay
| 0:03 | Build | House |
| 0:05 | Build | Lumber Camp |
| 0:39 | Build | House |
| 2:36 | Create | Villager (Male) ×5 |
| 2:36 | Create | Villager (Male) ×5 |
| 3:44 | Research | Loom |
| 3:45 | Create | Villager (Male) ×4 |
| 4:10 | Create | Villager (Male) |
| 4:10 | Create | Villager (Male) |
| 5:23 | Create | Villager (Male) |
| 5:23 | Create | Villager (Male) |
| 6:08 | Create | Villager (Male) |
| 6:08 | Create | Villager (Male) |
| 6:37 | Create | Villager (Male) |
| 6:37 | Create | Villager (Male) |
| 6:57 | Build | Palisade Wall |
| 7:00 | Build | Palisade Wall |
| 8:13 | Build | Lumber Camp |
| 9:15 | Create | Villager (Male) ×4 |
| 9:15 | Create | Villager (Male) ×4 |
| 9:44 | Build | House |
| 10:29 | Create | Villager (Male) ×5 |
| 10:58 | Build | Mill |
| 12:40 | Build | House |
| 13:13 | Build | Farm |
| 13:49 | Build | Farm |
| 13:50 | Build | Farm |
| 15:19 | Build | Farm |
| 15:50 | Build | Farm |
| 15:56 | Create | Villager (Male) ×5 |
| 16:57 | Build | House |
| 18:25 | Build | Mining Camp |
| 19:11 | Build | Mining Camp |
| 19:16 | Research | Feudal Age |
| 20:00 | Build | Farm |
| 20:01 | Build | Farm |
| 20:01 | Build | Farm |
| 20:01 | Build | Farm |
| 20:01 | Build | Farm |
| 20:20 | Create | Villager (Male) |
| 20:21 | Create | Villager (Male) |
| 21:10 | Build | Farm |
| 21:11 | Build | Farm |
| 21:12 | Build | Farm |
| 21:13 | Build | Farm |
| 21:26 | Age | Feudal Age |
| 21:55 | Build | Barracks |
| 22:35 | Build | Blacksmith |
| 23:07 | Build | Watch Tower |
| 23:49 | Build | House |
| 24:25 | Create | Villager (Male) ×5 |
| 24:35 | Build | House |
| 24:54 | Build | Archery Range |
| 25:00 | Build | Barracks |
| 26:13 | Build | Archery Range |
| 26:48 | Build | Farm |
| 26:54 | Create | Villager (Male) ×5 |
| 27:12 | Research | Castle Age |
| 27:14 | Create | Villager (Male) |
| 27:14 | Create | Villager (Male) |
| 28:39 | Research | Double-Bit Axe |
| 28:41 | Research | Horse Collar |
| 28:43 | Research | Gold Mining |
| 28:48 | Research | Fletching |
| 28:49 | Research | Forging |
| 28:49 | Research | Scale Barding Armor |
| 28:54 | Research | Padded Archer Armor |
| 28:55 | Research | Forging |
| 28:55 | Research | Scale Mail Armor |
| 29:00 | Build | House |
| 29:34 | Build | Market |
| 29:43 | Build | House |
| 29:52 | Age | Castle Age |
| 30:00 | Create | Villager (Male) ×5 |
| 30:10 | Research | Bodkin Arrow |
| 30:27 | Research | Pikeman (upgrade) |
| 30:28 | Research | Squires |
| 32:14 | Build | Farm |
| 32:18 | Build | Farm |
| 32:46 | Build | Town Center |
| 33:08 | Create | Villager (Male) ×5 |
| 33:47 | Build | Town Center |
| 33:49 | Create | Villager (Male) ×5 |
| 34:10 | Research | Bow Saw |
| 34:37 | Create | Villager (Male) ×5 |
| 35:34 | Build | Farm |
| 35:35 | Build | Farm |
| 35:36 | Build | Farm |
| 35:38 | Create | Villager (Male) ×5 |
| 35:53 | Create | Villager (Male) ×5 |
| 36:04 | Build | Lumber Camp |
| 36:17 | Build | Lumber Camp |
| 36:30 | Build | Farm |
| 36:31 | Build | Farm |
| 37:18 | Build | Farm |
| 37:33 | Build | Castle |
| 37:53 | Build | Farm |
| 37:53 | Build | Farm |
| 37:53 | Build | Farm |
| 37:53 | Build | Farm |
| 37:58 | Build | Farm |
| 37:58 | Build | Farm |
| 38:07 | Build | Farm |
| 38:08 | Build | Farm |
| 38:08 | Build | Farm |
| 39:22 | Build | Farm |
| 39:29 | Build | House |
| 39:30 | Build | House |
| 39:30 | Build | House |
| 39:30 | Build | House |
| 39:30 | Build | House |
| 39:31 | Build | House |
| 39:31 | Build | House |
| 39:43 | Research | Leather Archer Armor |
| 39:44 | Research | Chain Mail Armor |
| 39:45 | Research | Iron Casting |
| 40:27 | Build | Siege Workshop |
| 40:36 | Build | House |
| 40:36 | Build | House |
| 40:36 | Build | House |
| 40:36 | Build | House |
| 40:36 | Build | House |
| 40:46 | Build | Farm |
| 40:47 | Research | Imperial Age |
| 40:50 | Research | Wheelbarrow |
| 40:50 | Research | Town Watch |
| 41:24 | Build | House |
| 41:25 | Build | House |
| 41:25 | Build | House |
| 41:25 | Build | House |
| 41:25 | Build | House |
| 41:26 | Build | House |
| 41:26 | Build | House |
| 41:27 | Build | House |
| 41:27 | Build | House |
| 41:27 | Build | House |
| 41:27 | Build | House |
| 41:28 | Build | House |
| 41:28 | Build | House |
| 41:28 | Build | House |
| 41:42 | Build | Town Center |
| 42:54 | Create | Genoese Crossbowman ×5 |
| 42:54 | Create | Genoese Crossbowman ×5 |
| 42:55 | Create | Genoese Crossbowman ×5 |
| 42:55 | Create | Genoese Crossbowman ×4 |
| 43:14 | Build | Farm |
| 43:57 | Age | Imperial Age |
Build order — jfiniswar0023
First 150 of 359 actions detected
| 0:02 | Create | Villager (Male) |
| 0:02 | Create | Villager (Male) |
| 0:03 | Create | Villager (Male) |
| 0:03 | Create | Villager (Male) |
| 0:05 | Build | House |
| 0:09 | Build | House |
| 0:44 | Build | Lumber Camp |
| 0:53 | Build | House |
| 1:32 | Create | Villager (Male) |
| 1:32 | Create | Villager (Male) |
| 2:14 | Create | Villager (Male) |
| 2:14 | Create | Villager (Male) |
| 2:14 | Create | Villager (Male) |
| 2:51 | Create | Villager (Male) |
| 2:51 | Create | Villager (Male) |
| 3:21 | Create | Villager (Male) |
| 3:22 | Create | Villager (Male) |
| 3:42 | Build | Mill |
| 4:18 | Build | Mill |
| 4:19 | Create | Villager (Male) |
| 4:19 | Create | Villager (Male) |
| 4:20 | Create | Villager (Male) |
| 4:30 | Create | Villager (Male) |
| 4:30 | Create | Villager (Male) |
| 4:50 | Create | Villager (Male) |
| 4:51 | Create | Villager (Male) |
| 5:56 | Create | Villager (Male) |
| 5:56 | Create | Villager (Male) |
| 5:56 | Create | Villager (Male) |
| 6:44 | Build | Barracks |
| 8:03 | Build | Mining Camp |
| 8:07 | Research | Feudal Age |
| 8:56 | Create | Villager (Male) |
| 8:57 | Create | Villager (Male) |
| 8:57 | Create | Villager (Male) |
| 8:57 | Create | Villager (Male) |
| 8:57 | Create | Villager (Male) |
| 9:38 | Create | Villager (Male) |
| 9:38 | Create | Villager (Male) |
| 9:55 | Build | Farm |
| 9:55 | Build | Farm |
| 9:56 | Build | Farm |
| 9:57 | Build | Farm |
| 10:17 | Age | Feudal Age |
| 10:22 | Research | Double-Bit Axe |
| 10:40 | Research | Wheelbarrow |
| 11:21 | Build | House |
| 11:29 | Build | House |
| 11:43 | Create | Villager (Male) |
| 11:43 | Create | Villager (Male) |
| 11:43 | Create | Villager (Male) |
| 11:43 | Create | Villager (Male) |
| 11:44 | Create | Villager (Male) |
| 11:44 | Create | Villager (Male) |
| 11:45 | Create | Villager (Male) |
| 11:45 | Create | Villager (Male) |
| 12:23 | Build | Farm |
| 12:23 | Build | Farm |
| 12:23 | Build | Farm |
| 12:23 | Build | Farm |
| 13:29 | Build | Blacksmith |
| 14:29 | Build | Stable |
| 15:30 | Build | Stable |
| 15:37 | Research | Castle Age |
| 16:15 | Research | Horse Collar |
| 16:25 | Build | Farm |
| 16:26 | Build | Farm |
| 16:27 | Build | Farm |
| 16:34 | Build | Farm |
| 16:56 | Build | House |
| 17:43 | Research | Scale Mail Armor |
| 17:45 | Research | Scale Barding Armor |
| 18:02 | Build | Farm |
| 18:04 | Build | Farm |
| 18:17 | Age | Castle Age |
| 18:34 | Create | Camel Scout |
| 18:34 | Create | Camel Scout |
| 18:35 | Create | Camel Scout |
| 18:40 | Create | Villager (Male) |
| 18:40 | Create | Villager (Male) |
| 18:54 | Build | Farm |
| 19:07 | Build | House |
| 19:16 | Build | Farm |
| 19:24 | Build | Town Center |
| 19:37 | Create | Villager (Male) |
| 19:38 | Create | Villager (Male) |
| 19:38 | Create | Villager (Male) |
| 19:38 | Create | Villager (Male) |
| 19:56 | Create | Camel Scout |
| 19:56 | Create | Camel Scout |
| 19:56 | Create | Camel Scout |
| 20:13 | Build | Stable |
| 20:45 | Create | Villager (Male) |
| 20:45 | Create | Villager (Male) |
| 20:45 | Create | Villager (Male) |
| 20:45 | Create | Villager (Male) |
| 21:04 | Create | Camel Scout |
| 21:05 | Create | Camel Scout |
| 21:05 | Create | Camel Scout |
| 21:20 | Build | House |
| 21:21 | Build | House |
| 21:23 | Build | House |
| 21:24 | Build | House |
| 21:29 | Build | Farm |
| 21:36 | Create | Camel Scout |
| 21:36 | Create | Camel Scout |
| 21:37 | Create | Camel Scout |
| 21:42 | Build | Farm |
| 22:13 | Build | Castle |
| 22:33 | Create | Villager (Male) |
| 22:33 | Create | Villager (Male) |
| 22:34 | Create | Villager (Male) |
| 22:34 | Create | Villager (Male) |
| 22:34 | Create | Villager (Male) |
| 22:34 | Create | Villager (Male) |
| 22:35 | Create | Villager (Male) |
| 22:41 | Build | Monastery |
| 22:56 | Research | Gold Mining |
| 23:47 | Build | Farm |
| 23:47 | Build | Farm |
| 23:48 | Build | Farm |
| 23:48 | Build | Farm |
| 23:48 | Build | Farm |
| 23:48 | Build | Farm |
| 24:20 | Build | Farm |
| 24:22 | Create | Monk |
| 24:23 | Research | Fervor |
| 24:31 | Create | Camel Scout |
| 24:31 | Create | Camel Scout |
| 24:31 | Create | Camel Scout |
| 24:31 | Create | Camel Scout |
| 24:31 | Create | Camel Scout |
| 24:37 | Research | Husbandry |
| 24:41 | Create | Villager (Male) |
| 24:42 | Create | Villager (Male) |
| 24:42 | Create | Villager (Male) |
| 24:43 | Create | Villager (Male) |
| 25:05 | Research | Forging |
| 25:17 | Build | Farm |
| 25:55 | Build | Siege Workshop |
| 25:56 | Build | Siege Workshop |
| 25:59 | Create | Villager (Male) |
| 25:59 | Create | Villager (Male) |
| 26:00 | Create | Villager (Male) |
| 26:00 | Create | Villager (Male) |
| 26:04 | Research | Scale Mail Armor |
| 26:07 | Create | Ghulam |
| 26:07 | Create | Ghulam |
| 26:07 | Create | Ghulam |
| 26:07 | Create | Ghulam |
Build order — dAN0.
First 150 of 323 actions detected
| 0:06 | Build | House |
| 0:07 | Build | House |
| 0:18 | Create | Villager (Male) |
| 0:18 | Create | Villager (Male) |
| 0:18 | Create | Villager (Male) |
| 0:18 | Create | Villager (Male) |
| 0:19 | Create | Villager (Male) |
| 1:48 | Create | Villager (Male) |
| 1:48 | Create | Villager (Male) |
| 2:06 | Build | Lumber Camp |
| 2:27 | Create | Villager (Male) |
| 2:27 | Create | Villager (Male) |
| 2:41 | Create | Villager (Male) |
| 2:41 | Create | Villager (Male) |
| 3:21 | Create | Villager (Male) |
| 3:22 | Create | Villager (Male) |
| 3:37 | Create | Villager (Male) |
| 3:38 | Create | Villager (Male) |
| 4:10 | Build | House |
| 4:11 | Build | House |
| 4:47 | Create | Villager (Male) |
| 4:47 | Create | Villager (Male) |
| 4:47 | Create | Villager (Male) |
| 5:40 | Create | Villager (Male) |
| 5:41 | Create | Villager (Male) |
| 5:41 | Create | Villager (Male) |
| 5:41 | Create | Villager (Male) |
| 5:58 | Build | Mill |
| 6:14 | Create | Villager (Male) |
| 6:14 | Create | Villager (Male) |
| 6:14 | Create | Villager (Male) |
| 7:35 | Create | Villager (Male) |
| 7:58 | Create | Villager (Male) |
| 8:33 | Research | Feudal Age |
| 9:38 | Build | House |
| 9:40 | Build | House |
| 9:48 | Build | House |
| 10:28 | Build | Farm |
| 10:28 | Build | Farm |
| 10:28 | Build | Farm |
| 10:29 | Build | Farm |
| 10:29 | Build | Farm |
| 10:31 | Build | Farm |
| 10:34 | Build | Farm |
| 10:35 | Build | Farm |
| 10:44 | Create | Villager (Male) |
| 10:44 | Create | Villager (Male) |
| 10:45 | Create | Villager (Male) |
| 10:45 | Age | Feudal Age |
| 11:14 | Build | Farm |
| 11:22 | Build | Farm |
| 11:30 | Create | Villager (Male) |
| 11:30 | Create | Villager (Male) |
| 11:30 | Create | Villager (Male) |
| 11:54 | Build | Farm |
| 12:02 | Research | Wheelbarrow |
| 12:03 | Create | Villager (Male) |
| 12:03 | Create | Villager (Male) |
| 12:03 | Create | Villager (Male) |
| 12:03 | Create | Villager (Male) |
| 12:41 | Build | Barracks |
| 13:47 | Build | Stable |
| 14:03 | Create | Villager (Male) |
| 14:03 | Create | Villager (Male) |
| 14:03 | Create | Villager (Male) |
| 14:14 | Build | Lumber Camp |
| 14:45 | Create | Villager (Male) |
| 14:45 | Create | Villager (Male) |
| 15:13 | Build | Mining Camp |
| 15:21 | Research | Double-Bit Axe |
| 16:01 | Create | Villager (Male) |
| 16:02 | Create | Villager (Male) |
| 16:26 | Build | Market |
| 17:20 | Research | Castle Age |
| 17:47 | Research | Horse Collar |
| 18:13 | Create | Villager (Male) |
| 18:13 | Create | Villager (Male) |
| 18:14 | Create | Villager (Male) |
| 18:14 | Create | Villager (Male) |
| 18:14 | Create | Villager (Male) |
| 18:14 | Create | Villager (Male) |
| 20:00 | Age | Castle Age |
| 20:05 | Build | Town Center |
| 20:15 | Build | Town Center |
| 20:25 | Build | Farm |
| 20:26 | Build | Farm |
| 20:26 | Build | Farm |
| 20:26 | Build | Farm |
| 20:26 | Build | Farm |
| 20:27 | Build | Farm |
| 20:33 | Research | Bow Saw |
| 21:18 | Build | House |
| 21:27 | Build | House |
| 21:28 | Build | House |
| 21:28 | Build | House |
| 21:28 | Build | House |
| 21:28 | Build | House |
| 21:29 | Build | House |
| 21:29 | Build | House |
| 21:29 | Build | House |
| 21:29 | Build | House |
| 21:30 | Build | House |
| 21:30 | Build | House |
| 21:38 | Create | Villager (Male) |
| 21:39 | Create | Villager (Male) |
| 21:39 | Create | Villager (Male) |
| 21:39 | Create | Villager (Male) |
| 21:39 | Create | Villager (Male) |
| 21:44 | Create | Villager (Male) |
| 21:45 | Create | Villager (Male) |
| 21:45 | Create | Villager (Male) |
| 21:45 | Create | Villager (Male) |
| 21:45 | Create | Villager (Male) |
| 21:45 | Create | Villager (Male) |
| 21:46 | Create | Villager (Male) |
| 21:46 | Create | Villager (Male) |
| 21:46 | Create | Villager (Male) |
| 21:52 | Create | Villager (Male) |
| 21:52 | Create | Villager (Male) |
| 21:52 | Create | Villager (Male) |
| 21:52 | Create | Villager (Male) |
| 21:53 | Create | Villager (Male) |
| 21:53 | Create | Villager (Male) |
| 21:53 | Create | Villager (Male) |
| 22:35 | Build | Farm |
| 22:36 | Build | Farm |
| 22:36 | Build | Farm |
| 22:39 | Build | Farm |
| 22:45 | Build | Farm |
| 22:57 | Research | Bloodlines |
| 22:57 | Create | Scout Cavalry |
| 23:14 | Create | Villager (Male) |
| 23:14 | Create | Villager (Male) |
| 23:14 | Create | Villager (Male) |
| 23:15 | Create | Villager (Male) |
| 23:21 | Build | Farm |
| 23:26 | Build | Farm |
| 23:31 | Build | Farm |
| 23:38 | Create | Villager (Male) |
| 23:38 | Create | Villager (Male) |
| 23:38 | Create | Villager (Male) |
| 23:38 | Create | Villager (Male) |
| 23:51 | Create | Knight |
| 24:27 | Build | Farm |
| 24:27 | Build | Farm |
| 24:29 | Build | Farm |
| 24:29 | Build | Farm |
| 24:30 | Build | Farm |
| 24:30 | Build | Farm |
| 24:31 | Build | Farm |
Build order — LiPiou
First 150 of 343 actions detected
| 0:01 | Create | Villager (Male) |
| 0:01 | Create | Villager (Male) |
| 0:01 | Create | Villager (Male) |
| 0:02 | Create | Villager (Male) |
| 0:02 | Create | Villager (Male) |
| 0:03 | Build | House |
| 0:05 | Build | House |
| 1:39 | Create | Villager (Male) |
| 1:39 | Create | Villager (Male) |
| 2:03 | Create | Villager (Male) |
| 2:24 | Create | Villager (Male) |
| 2:35 | Create | Villager (Male) |
| 3:03 | Build | House |
| 3:07 | Build | House |
| 3:24 | Create | Villager (Male) |
| 3:24 | Create | Villager (Male) |
| 3:25 | Create | Villager (Male) |
| 3:47 | Create | Villager (Male) |
| 3:53 | Build | Mill |
| 4:06 | Create | Villager (Male) |
| 4:48 | Create | Villager (Male) |
| 4:49 | Create | Villager (Male) |
| 4:58 | Build | Lumber Camp |
| 5:04 | Create | Villager (Male) |
| 5:04 | Create | Villager (Male) |
| 5:33 | Create | Villager (Male) |
| 6:19 | Create | Villager (Male) |
| 6:20 | Create | Villager (Male) |
| 6:23 | Build | Mining Camp |
| 6:40 | Create | Villager (Male) |
| 6:40 | Create | Villager (Male) |
| 6:52 | Build | Farm |
| 7:15 | Build | House |
| 8:04 | Create | Villager (Male) |
| 8:36 | Create | Villager (Male) |
| 8:36 | Create | Villager (Male) |
| 8:45 | Research | Feudal Age |
| 8:52 | Build | Farm |
| 9:37 | Create | Villager (Male) |
| 9:40 | Create | Villager (Male) |
| 10:56 | Build | House |
| 10:59 | Age | Feudal Age |
| 11:16 | Build | Market |
| 11:27 | Build | Farm |
| 11:29 | Create | Villager (Male) |
| 11:39 | Create | Villager (Male) |
| 12:12 | Research | Double-Bit Axe |
| 12:50 | Build | Mining Camp |
| 12:56 | Create | Villager (Male) |
| 12:57 | Create | Villager (Male) |
| 12:57 | Create | Villager (Male) |
| 12:57 | Create | Villager (Male) |
| 13:18 | Build | Blacksmith |
| 13:26 | Build | Farm |
| 13:43 | Research | Castle Age |
| 13:44 | Research | Castle Age |
| 13:49 | Build | Farm |
| 14:06 | Build | House |
| 14:07 | Build | House |
| 14:09 | Build | House |
| 14:48 | Build | Farm |
| 14:49 | Build | Farm |
| 14:50 | Build | Farm |
| 14:51 | Build | Farm |
| 14:53 | Build | Farm |
| 15:10 | Build | Farm |
| 16:26 | Age | Castle Age |
| 16:35 | Build | Town Center |
| 17:00 | Build | Town Center |
| 17:08 | Create | Villager (Male) |
| 17:08 | Create | Villager (Male) |
| 17:08 | Create | Villager (Male) |
| 17:08 | Create | Villager (Male) |
| 17:14 | Create | Villager (Male) |
| 17:14 | Create | Villager (Male) |
| 18:03 | Create | Villager (Male) |
| 18:04 | Create | Villager (Male) |
| 18:04 | Create | Villager (Male) |
| 18:04 | Create | Villager (Male) |
| 18:26 | Create | Villager (Male) |
| 18:27 | Create | Villager (Male) |
| 18:27 | Create | Villager (Male) |
| 18:28 | Create | Villager (Male) |
| 18:30 | Create | Villager (Male) |
| 18:31 | Create | Villager (Male) |
| 18:38 | Build | Mining Camp |
| 19:22 | Create | Villager (Male) |
| 19:23 | Create | Villager (Male) |
| 19:25 | Create | Villager (Male) |
| 19:45 | Create | Villager (Male) |
| 19:46 | Create | Villager (Male) |
| 19:46 | Create | Villager (Male) |
| 19:55 | Research | Gold Mining |
| 20:26 | Create | Villager (Male) |
| 20:27 | Create | Villager (Male) |
| 20:45 | Create | Villager (Male) |
| 20:47 | Create | Villager (Male) |
| 20:49 | Create | Villager (Male) |
| 20:51 | Create | Villager (Male) |
| 21:02 | Build | Farm |
| 21:04 | Build | Farm |
| 21:10 | Build | Farm |
| 21:14 | Create | Villager (Male) |
| 21:15 | Create | Villager (Male) |
| 21:17 | Create | Villager (Male) |
| 21:23 | Build | Farm |
| 21:48 | Build | House |
| 21:50 | Build | House |
| 21:51 | Build | House |
| 21:53 | Build | House |
| 21:58 | Build | House |
| 21:59 | Build | House |
| 22:00 | Build | House |
| 22:01 | Build | House |
| 22:09 | Create | Villager (Male) |
| 22:10 | Create | Villager (Male) |
| 22:13 | Create | Villager (Male) |
| 22:13 | Create | Villager (Male) |
| 22:15 | Create | Villager (Male) |
| 22:31 | Build | Castle |
| 22:45 | Build | Mining Camp |
| 22:47 | Create | Villager (Male) |
| 22:48 | Create | Villager (Male) |
| 22:48 | Create | Villager (Male) |
| 23:09 | Build | House |
| 23:10 | Build | House |
| 23:11 | Build | House |
| 23:12 | Build | House |
| 23:17 | Create | Villager (Male) |
| 23:18 | Create | Villager (Male) |
| 23:18 | Create | Villager (Male) |
| 23:32 | Build | Mining Camp |
| 23:37 | Create | Villager (Male) |
| 23:37 | Create | Villager (Male) |
| 23:51 | Build | Farm |
| 23:53 | Build | Farm |
| 23:57 | Build | Farm |
| 24:00 | Build | Farm |
| 24:09 | Build | Farm |
| 24:10 | Build | Farm |
| 24:12 | Build | Farm |
| 24:20 | Build | Farm |
| 24:21 | Create | Villager (Male) |
| 24:22 | Create | Villager (Male) |
| 24:22 | Create | Villager (Male) |
| 24:38 | Create | Villager (Male) |
| 24:38 | Create | Villager (Male) |
| 24:38 | Create | Villager (Male) |
| 25:18 | Create | Villager (Male) |
| 25:19 | Create | Villager (Male) |
Build order — F1
First 150 of 334 actions detected
| 0:02 | Build | House |
| 0:03 | Build | House |
| 0:05 | Create | Villager (Male) |
| 0:05 | Create | Villager (Male) |
| 0:05 | Create | Villager (Male) |
| 0:05 | Create | Villager (Male) |
| 0:05 | Create | Villager (Male) |
| 1:25 | Build | Lumber Camp |
| 1:34 | Create | Villager (Male) |
| 1:34 | Create | Villager (Male) |
| 2:10 | Create | Villager (Male) |
| 2:27 | Create | Villager (Male) |
| 2:27 | Create | Villager (Male) |
| 3:09 | Create | Villager (Male) |
| 3:10 | Create | Villager (Male) |
| 3:59 | Create | Villager (Male) |
| 4:00 | Create | Villager (Male) |
| 4:12 | Build | House |
| 4:13 | Build | House |
| 4:19 | Create | Villager (Male) |
| 4:19 | Create | Villager (Male) |
| 4:35 | Create | Villager (Male) |
| 5:13 | Create | Villager (Male) |
| 5:13 | Create | Villager (Male) |
| 5:13 | Create | Villager (Male) |
| 5:14 | Create | Villager (Male) |
| 5:32 | Build | Mill |
| 6:44 | Create | Villager (Male) |
| 6:44 | Create | Villager (Male) |
| 7:02 | Create | Villager (Male) |
| 7:03 | Create | Villager (Male) |
| 7:27 | Create | Villager (Male) |
| 7:27 | Create | Villager (Male) |
| 7:27 | Create | Villager (Male) |
| 7:28 | Create | Villager (Male) |
| 8:17 | Build | Barracks |
| 8:42 | Research | Feudal Age |
| 9:19 | Build | Mill |
| 9:37 | Build | Lumber Camp |
| 10:36 | Build | House |
| 10:37 | Build | House |
| 10:52 | Age | Feudal Age |
| 10:55 | Build | Mining Camp |
| 11:14 | Create | Militia |
| 11:14 | Create | Militia |
| 11:15 | Research | Man-at-Arms (upgrade) |
| 11:25 | Build | Stable |
| 11:38 | Build | House |
| 11:40 | Build | House |
| 11:46 | Create | Villager (Male) |
| 11:46 | Create | Villager (Male) |
| 11:46 | Create | Villager (Male) |
| 11:47 | Create | Villager (Male) |
| 11:47 | Create | Villager (Male) |
| 11:47 | Create | Villager (Male) |
| 11:47 | Create | Villager (Male) |
| 12:07 | Research | Double-Bit Axe |
| 12:11 | Research | Horse Collar |
| 12:14 | Create | Militia |
| 12:14 | Create | Militia |
| 12:39 | Build | Farm |
| 13:03 | Build | Palisade Gate |
| 13:08 | Build | Farm |
| 13:13 | Create | Villager (Male) |
| 13:30 | Build | Archery Range |
| 13:45 | Build | Palisade Wall |
| 14:01 | Create | Villager (Male) |
| 14:02 | Create | Villager (Male) |
| 14:10 | Research | Bloodlines |
| 14:35 | Build | House |
| 14:37 | Build | House |
| 14:45 | Create | Militia |
| 14:45 | Create | Militia |
| 14:50 | Create | Villager (Male) |
| 14:50 | Create | Villager (Male) |
| 15:01 | Build | Farm |
| 15:03 | Build | Farm |
| 15:04 | Build | Farm |
| 15:06 | Build | Farm |
| 15:31 | Build | Farm |
| 15:41 | Build | Farm |
| 16:08 | Build | Farm |
| 16:16 | Create | Spearman |
| 16:16 | Create | Spearman |
| 16:20 | Create | Scout Cavalry |
| 16:20 | Create | Scout Cavalry |
| 16:30 | Build | Farm |
| 16:33 | Build | Farm |
| 16:38 | Create | Villager (Male) |
| 16:38 | Create | Villager (Male) |
| 16:54 | Build | Lumber Camp |
| 16:59 | Build | Farm |
| 17:07 | Build | Farm |
| 17:08 | Build | Farm |
| 17:10 | Build | Farm |
| 17:20 | Build | Farm |
| 17:40 | Build | Farm |
| 17:54 | Create | Scout Cavalry |
| 17:59 | Create | Villager (Male) |
| 17:59 | Create | Villager (Male) |
| 18:00 | Create | Villager (Male) |
| 18:03 | Research | Wheelbarrow |
| 18:34 | Build | Farm |
| 18:36 | Build | Farm |
| 18:43 | Build | Farm |
| 18:53 | Create | Villager (Male) |
| 18:54 | Create | Villager (Male) |
| 19:43 | Build | Mining Camp |
| 19:58 | Create | Villager (Male) |
| 19:58 | Create | Villager (Male) |
| 20:21 | Create | Militia |
| 20:22 | Create | Militia |
| 20:24 | Create | Skirmisher |
| 20:24 | Create | Skirmisher |
| 20:24 | Create | Skirmisher |
| 20:32 | Research | Loom |
| 20:56 | Build | Blacksmith |
| 21:12 | Build | House |
| 21:15 | Build | House |
| 21:41 | Create | Villager (Male) |
| 21:43 | Create | Villager (Male) |
| 21:43 | Research | Castle Age |
| 22:02 | Research | Stone Mining |
| 22:07 | Research | Gold Mining |
| 22:25 | Build | House |
| 22:28 | Build | House |
| 22:31 | Build | House |
| 22:45 | Create | Skirmisher |
| 22:45 | Create | Skirmisher |
| 23:31 | Create | Villager (Male) |
| 23:32 | Create | Villager (Male) |
| 23:32 | Create | Villager (Male) |
| 23:45 | Research | Forging |
| 24:26 | Build | House |
| 24:29 | Build | House |
| 24:31 | Build | House |
| 24:48 | Build | Palisade Gate |
| 24:57 | Create | Militia |
| 24:58 | Create | Militia |
| 24:58 | Create | Militia |
| 24:58 | Create | Militia |
| 24:59 | Create | Militia |
| 25:03 | Create | Archer |
| 25:04 | Create | Archer |
| 25:05 | Create | Archer |
| 25:06 | Create | Archer |
| 25:21 | Research | Scale Barding Armor |
| 25:23 | Age | Castle Age |
| 25:52 | Build | Castle |
| 26:01 | Research | Bow Saw |
Build order — AysseR
First 150 of 308 actions detected
| 0:06 | Build | House |
| 0:27 | Research | Loom |
| 0:31 | Build | House |
| 1:27 | Create | Villager (Male) |
| 1:27 | Create | Villager (Male) |
| 1:59 | Create | Villager (Male) |
| 1:59 | Create | Villager (Male) |
| 2:29 | Build | Lumber Camp |
| 2:46 | Create | Villager (Male) |
| 2:46 | Create | Villager (Male) |
| 2:46 | Create | Villager (Male) |
| 3:13 | Create | Villager (Male) |
| 3:13 | Create | Villager (Male) |
| 4:10 | Create | Villager (Male) |
| 4:11 | Create | Villager (Male) |
| 4:12 | Create | Villager (Male) |
| 4:54 | Create | Villager (Male) |
| 4:54 | Create | Villager (Male) |
| 4:54 | Create | Villager (Male) |
| 4:55 | Create | Villager (Male) |
| 4:55 | Create | Villager (Male) |
| 5:34 | Build | Mill |
| 6:22 | Create | Villager (Male) |
| 6:22 | Create | Villager (Male) |
| 6:22 | Create | Villager (Male) |
| 6:25 | Create | Villager (Male) |
| 6:25 | Create | Villager (Male) |
| 7:42 | Build | Farm |
| 7:43 | Build | Farm |
| 8:05 | Create | Villager (Male) |
| 8:05 | Create | Villager (Male) |
| 8:55 | Research | Feudal Age |
| 8:57 | Create | Villager (Male) |
| 8:58 | Create | Villager (Male) |
| 9:10 | Build | Lumber Camp |
| 10:25 | Build | Lumber Camp |
| 11:00 | Build | Barracks |
| 11:05 | Age | Feudal Age |
| 11:09 | Create | Villager (Male) |
| 11:10 | Create | Villager (Male) |
| 11:18 | Build | House |
| 11:19 | Build | House |
| 11:22 | Build | House |
| 11:23 | Build | House |
| 11:40 | Build | Farm |
| 11:45 | Research | Double-Bit Axe |
| 11:52 | Research | Horse Collar |
| 12:05 | Build | Farm |
| 12:21 | Create | Villager (Male) |
| 12:21 | Create | Villager (Male) |
| 12:23 | Build | Farm |
| 13:03 | Build | Stone Wall |
| 13:14 | Create | Villager (Male) |
| 13:15 | Create | Villager (Male) |
| 13:18 | Build | Farm |
| 13:43 | Create | Villager (Male) |
| 13:44 | Create | Villager (Male) |
| 13:48 | Build | Farm |
| 13:50 | Build | Farm |
| 14:23 | Build | Market |
| 14:34 | Create | Villager (Male) |
| 14:34 | Create | Villager (Male) |
| 14:40 | Build | Farm |
| 14:42 | Build | Farm |
| 14:46 | Build | Farm |
| 15:14 | Create | Spearman |
| 15:14 | Create | Spearman |
| 15:48 | Create | Villager (Male) |
| 15:48 | Create | Villager (Male) |
| 16:23 | Build | Blacksmith |
| 17:00 | Research | Castle Age |
| 17:02 | Create | Villager (Male) |
| 17:02 | Create | Villager (Male) |
| 17:02 | Create | Villager (Male) |
| 17:29 | Build | Farm |
| 17:37 | Build | Farm |
| 17:42 | Build | Farm |
| 17:49 | Build | Farm |
| 18:15 | Build | Mill |
| 18:31 | Build | Farm |
| 18:31 | Build | Farm |
| 18:32 | Build | Farm |
| 18:32 | Build | Farm |
| 18:33 | Build | Farm |
| 18:34 | Build | Farm |
| 18:54 | Build | Gate |
| 19:17 | Build | Farm |
| 19:27 | Build | House |
| 19:28 | Build | House |
| 19:30 | Build | House |
| 19:31 | Build | House |
| 19:31 | Build | House |
| 19:32 | Build | House |
| 19:34 | Build | House |
| 19:35 | Build | House |
| 19:40 | Age | Castle Age |
| 20:29 | Build | Town Center |
| 20:40 | Create | Villager (Male) |
| 20:40 | Create | Villager (Male) |
| 20:41 | Create | Villager (Male) |
| 20:51 | Build | Gate |
| 21:26 | Build | Farm |
| 21:54 | Create | Villager (Male) |
| 21:54 | Create | Villager (Male) |
| 21:54 | Create | Villager (Male) |
| 21:55 | Create | Villager (Male) |
| 21:55 | Create | Villager (Male) |
| 21:59 | Build | Farm |
| 22:00 | Build | Farm |
| 22:01 | Build | Farm |
| 22:23 | Build | Siege Workshop |
| 22:25 | Build | Siege Workshop |
| 22:32 | Create | Villager (Male) |
| 22:32 | Create | Villager (Male) |
| 22:32 | Create | Villager (Male) |
| 22:32 | Create | Villager (Male) |
| 22:37 | Research | Bow Saw |
| 22:43 | Research | Heavy Plow |
| 23:02 | Research | Wheelbarrow |
| 23:34 | Build | Town Center |
| 23:40 | Create | Villager (Male) |
| 23:40 | Create | Villager (Male) |
| 23:40 | Create | Villager (Male) |
| 23:41 | Create | Villager (Male) |
| 23:41 | Create | Villager (Male) |
| 23:41 | Create | Villager (Male) |
| 23:41 | Create | Villager (Male) |
| 24:08 | Build | Mining Camp |
| 24:13 | Create | Villager (Male) |
| 24:13 | Create | Villager (Male) |
| 24:13 | Create | Villager (Male) |
| 24:24 | Create | Villager (Male) |
| 24:24 | Create | Villager (Male) |
| 24:24 | Create | Villager (Male) |
| 24:38 | Build | Siege Workshop |
| 24:44 | Create | Villager (Male) |
| 24:44 | Create | Villager (Male) |
| 24:44 | Create | Villager (Male) |
| 24:44 | Create | Villager (Male) |
| 24:46 | Research | Gold Mining |
| 24:56 | Create | Villager (Male) |
| 24:56 | Create | Villager (Male) |
| 24:57 | Create | Villager (Male) |
| 24:57 | Create | Villager (Male) |
| 24:57 | Create | Villager (Male) |
| 24:57 | Create | Villager (Male) |
| 24:58 | Create | Villager (Male) |
| 24:58 | Create | Villager (Male) |
| 24:58 | Create | Villager (Male) |
| 25:05 | Build | Mining Camp |
Match timeline
| 6:44 | jfiniswar0023 · first_building Barracks |
| 6:57 | KINGGEEDORAH · wall_segment Palisade Wall x13 |
| 7:00 | KINGGEEDORAH · wall_segment Palisade Wall x7 |
| 8:17 | F1 · first_building Barracks |
| 10:17 | jfiniswar0023 · age_up feudal |
| 10:45 | dAN0. · age_up feudal |
| 10:52 | F1 · age_up feudal |
| 10:59 | LiPiou · age_up feudal |
| 11:00 | AysseR · first_building Barracks |
| 11:05 | AysseR · age_up feudal |
| 11:25 | F1 · first_building Stable |
| 12:16 | LiPiou · first_market_buy 100 wood |
| 12:41 | dAN0. · first_building Barracks |
| 13:03 | AysseR · wall_segment Stone Wall x18 |
| 13:30 | F1 · first_building Archery Range |
| 13:45 | F1 · wall_segment Palisade Wall x11 |
| 13:47 | dAN0. · first_building Stable |
| 14:29 | jfiniswar0023 · first_building Stable |
| 16:00 | AysseR · first_market_sell 100 wood |
| 16:04 | AysseR · first_market_buy 100 food |
| 16:26 | LiPiou · age_up castle |
| 16:51 | LiPiou · first_market_sell 100 stone |
| 18:17 | jfiniswar0023 · age_up castle |
| 19:40 | AysseR · age_up castle |
| 20:00 | dAN0. · age_up castle |
| 21:26 | KINGGEEDORAH · age_up feudal |
| 21:55 | KINGGEEDORAH · first_building Barracks |
| 22:13 | jfiniswar0023 · first_building Castle |
| 22:23 | AysseR · first_building Siege Workshop |
| 22:31 | LiPiou · first_building Castle |
| 22:41 | jfiniswar0023 · first_building Monastery |
| 24:54 | KINGGEEDORAH · first_building Archery Range |
| 25:23 | F1 · age_up castle |
| 25:43 | dAN0. · first_building Monastery |
| 25:48 | AysseR · first_building Monastery |
| 25:52 | F1 · first_building Castle |
| 25:55 | jfiniswar0023 · first_building Siege Workshop |
| 28:41 | F1 · wall_segment Stone Wall x6 |
| 29:52 | KINGGEEDORAH · age_up castle |
| 30:08 | dAN0. · first_building Castle |
| 30:30 | dAN0. · first_market_buy 100 food |
| 31:22 | LiPiou · first_building Barracks |
| 32:17 | LiPiou · age_up imperial |
| 32:42 | LiPiou · tribute_sent a jugador 1 |
| 32:42 | LiPiou · tribute_sent a jugador 2 |
| 32:42 | LiPiou · tribute_sent a jugador 3 |
| 32:42 | LiPiou · tribute_sent a jugador 5 |
| 32:42 | LiPiou · tribute_sent a jugador 6 |
| 32:55 | AysseR · first_building Castle |
| 34:55 | AysseR · age_up imperial |
| 35:54 | dAN0. · age_up imperial |
| 36:23 | F1 · age_up imperial |
| 37:33 | KINGGEEDORAH · first_building Castle |
| 39:31 | jfiniswar0023 · age_up imperial |
| 40:27 | KINGGEEDORAH · first_building Siege Workshop |
| 41:21 | jfiniswar0023 · first_market_sell 500 wood |
| 41:50 | dAN0. · first_building Archery Range |
| 42:13 | dAN0. · first_building Siege Workshop |
| 43:57 | KINGGEEDORAH · age_up imperial |
| 44:45 | dAN0. · resign |
[ AI ANALYSIS · 1 CREDIT ]
What really happened in this match?
Wolo.gg analyzes every decision: build order, eco, micro, common mistakes by bracket. Personalized analysis on WhatsApp or Discord in 30 seconds.
Civ guide
Italians
Map guide
Amazon Tunnel
Perfil
KINGGEEDORAH